 Dungeon Crawl Stone Soup version 0.27-a0-1144-g0b7d3b79db (webtiles) character file.

Game seed: 13039240541342560353

25 robertstho the Skirmisher (level 3, 0/26 HPs)
             Began as an Octopode Berserker on May 10, 2021.
             Was a Follower of Trog.
             Slain by a ball python (1 damage)
             ... while paralysed
             ... on level 1 of the Dungeon.
             The game lasted 00:00:40 (409 turns).

robertstho the Skirmisher (Octopode Berserker)       Turns: 409, Time: 00:00:40

Health: 0/26       AC:  1    Str: 16    XL:     3   Next: 6%
Magic:  3/3        EV: -1    Int:  9    God:    Trog [*.....]
Gold:   18         SH:  0    Dex: 12    Spells: 2/2 levels left

rFire    . . .     SeeInvis .   a - +0 short sword
rCold    . . .     Faith    .   (no shield)
rNeg     . . .     Spirit   .   (helmet restricted)
rPois    .         Reflect  .   (no amulet)
rElec    .         Harm     .   (no ring)
rCorr    .         Rampage  .   (no ring)
Will     .....                  (no ring)
Stlth    ++........             (no ring)
HPRegen  0.08/turn              (no ring)
MPRegen  0.08/turn              (no ring)
                                (no ring)
                                (no ring)

@: paralysed, on berserk cooldown, slowed, constricted
A: almost no armour, amphibious, 8 rings, camouflage 1, gelatinous body 1,
(nimble swimmer 1), tentacles
a: Renounce Religion, Berserk


You were on level 1 of the Dungeon.
You worshipped Trog.
Trog was aware of your devotion.
You visited 1 branch of the dungeon, and saw 1 of its levels.

You collected 18 gold pieces.

Inventory:

Hand Weapons
 a - a +0 short sword (weapon)
Scrolls
 b - a scroll of enchant weapon {unknown}
Potions
 c - a potion of curing {unknown}


   Skills:
 * Level 3.5 Fighting
 + Level 3.2 Short Blades
 * Level 3.3 Dodging


You had 2 spell levels left.
You didn't know any spells.
Your spell library was empty.

Dungeon Overview and Level Annotations

Branches:
Dungeon (1/15)

Altars:


Innate Abilities, Weirdness & Mutations

You cannot wear most types of armour.
You are amphibious.
You can wear up to eight rings at the same time.
Your skin changes colour to match your surroundings (Stealth+).
Your rubbery body absorbs attacks. (AC +1, EV +1)
((You are camouflaged near water. (Stealth+)))
You have tentacles for arms and can constrict up to eight enemies at once.


Message History

You puncture the jackal!
You kill the jackal!
Trog accepts your kill. The jackal bites you.
* * * LOW HITPOINT WARNING * * *
You hit the jackal.
You kill the jackal!
Trog accepts your kill.
You have reached level 3!
Your experience leads to an increase in your attributes!
Increase (S)trength, (I)ntelligence, or (D)exterity?
You feel agile.
You barely miss the goblin. Your grab misses the goblin.
You puncture the goblin!
You kill the goblin!
Trog accepts your kill.
Things that are here:
a +0 dagger; a jackal corpse You feel a strong urge to attack something.
A ball python comes into view.
The ball python hisses angrily.
The kobold hits you with a +0 dagger.
* * * LOW HITPOINT WARNING * * *
You puncture the kobold!
You feel the power of Trog in you as your rage grows.
You kill the kobold!
Trog accepts your kill.
You feel a strong urge to attack something.
Found an escape hatch in the floor.
You are no longer berserk.
You pass out from exhaustion.
You feel yourself slow down. The ball python bites you.
* * * LOW HITPOINT WARNING * * *
The ball python grabs you.
* * * LOW HITPOINT WARNING * * *
The ball python constricts you.
Found a smoky orange potion.
A bat comes into view.
The ball python bites you.
You die...

#####........
........................
#..>.....................
#........................
##...................####.
##.....................# ##
#......................####
#..........S......#........
#........)@.......####...##
................. ##∩...##
###.)..>........ #∩......
#####.....##...... #∩......
##.........##.#....
##......
#........)†...#.... #......
#........††#.......
##..##.#
#..........#.....!.
#∩.÷##.# #..........# ....
#..÷....


You could see a ball python.

Vanquished Creatures
  2 bats (D:1)
  An endoplasm (D:1)
  4 hobgoblins (D:1)
  6 jackals (D:1)
  2 kobolds (D:1)
  A quokka (D:1)
  A ball python (D:1)
  2 frilled lizards (D:1)
  A goblin (D:1)
  2 rats (D:1)
22 creatures vanquished.

Notes
Turn   | Place    | Note
-------+----------+-------------------------------------------
     0 | D:1      | robertstho the Octopode Berserker began the quest for the
                  | Orb.
     0 | D:1      | Reached XP level 1. HP: 16/16 MP: 1/1
    50 | D:1      | Found a faded altar of an unknown god.
   204 | D:1      | Reached XP level 2. HP: 21/21 MP: 2/2
   400 | D:1      | Reached XP level 3. HP: 9/26 MP: 3/3
   408 | D:1      | HP: 1/26 [ball python (1)]
   409 | D:1      | Slain by a ball python

Illustrated notes

Levels and vault maps discovered:
D:1:      amcnicky_arrival_abandoned_market, layout_basic, serial_glass,
          glass_columns_a, glass_columns_b, ebering_ecumenical_altar_box

Action                   || total
-------------------------++-------
Melee: Short sword       ||    36
       Constrict         ||     7
       Tentacles         ||     4
Invok: Berserk           ||     2
 Stab: Sleeping          ||     2
Armor: Skin              ||     3
Dodge: Dodged            ||    25

Table legend: (Time is in decaauts)
 A = Elapsed time spent in this place.
 B = Non-inter-level travel time spent in this place.
 C = Inter-level travel time spent in this place.
 D = Time resting spent in this place.
 E = Time spent auto-exploring this place.
 F = Levels seen in this place.
 G = Mean time per level.
                   A        B        C        D        E       F      G
               +--------+--------+--------+--------+--------+-----+--------+
         Total |    416 |    416 |      0 |    102 |    228 |   1 |  416.0 |
       Dungeon |    416 |    416 |      0 |    102 |    228 |   1 |  416.0 |
               +--------+--------+--------+--------+--------+-----+--------+

Top non-repeatable levels by time:
     D:1: 416 daAuts
